 Dungeon Crawl Stone Soup version 0.29-a0-334-gb41bcbb86e (webtiles) character file.

Game seed: 1309561193751082278

70 spaghetti the Skirmisher (level 4, -3/66 HPs)
             Began as a Naga Fighter on Apr 14, 2022.
             Was a Believer of Uskayaw.
             Slain by a gnoll
             ... wielding a +0 spear
              (6 damage)
             ... on level 2 of the Dungeon.
             The game lasted 00:03:29 (1745 turns).

spaghetti the Skirmisher (Naga Fighter)             Turns: 1745, Time: 00:03:29

Health: -3/66      AC: 22    Str: 20    XL:     4   Next: 22%
Magic:  2/4        EV:  1    Int:  8    God:    Uskayaw [**....]
Gold:   30         SH:  4    Dex: 11    Spells: 3/3 levels left

rFire   . . .      SeeInvis +   a - +1 trident {polearm}
rCold   . . .      Faith    .   c - +0 buckler
rNeg    . . .      Spirit   .   (body armour currently unavailable)
rPois   +          Reflect  .   (helmet currently unavailable)
rElec   .          Harm     .   (cloak currently unavailable)
rCorr   .          Rampage  .   (gloves currently unavailable)
Will    .....      NoTele   +   (no barding)
Stlth   +.........              (no amulet)
HPRegen 0.21/turn               (no ring)
MPRegen 0.09/turn               (no ring)

@: tree-form
A: stationary, stasis, torment immunity, boosted hp, AC +1, large, see
invisible, (deformed body), (poison resistance), (slowness 2), spit poison 1,
(naga tail 1)
a: Spit Poison, Renounce Religion, Stomp, Line Pass


You were on level 2 of the Dungeon.
You worshipped Uskayaw.
Uskayaw was noncommittal.
You were a tree.
You visited 1 branch of the dungeon, and saw 2 of its levels.

You collected 30 gold pieces.


Innate Abilities, Weirdness & Mutations

You are a tree.
Your roots penetrate the ground, keeping you stationary.
You cannot be teleported.
You are immune to unholy pain and torment.
Your maximum health is greatly increased.
Your equipment is partially melded.
((Your serpentine skin is tough. (AC +1)))
You have supernaturally acute eyesight. (SInv)
((Armour fits poorly on your strangely shaped body.))
((Your system is resistant to poisons. (rPois)))
((You cover ground very slowly.))
You can spit poison.
((You have a snake-like lower body.))


   Skills:
 * Level 4.2 Fighting
 - Level 2.0 Polearms
 + Level 3.0 Armour
 - Level 2.4 Shields
 + Level 1.0 Invocations


You had 3 spell levels left.
You didn't know any spells.
Your spell library contained the following spells:

 Spells                   Type           Power      Damage    Failure   Level
 Sandblast                Erth           0%         2d4       47%         1
 Passwall                 Tmut/Erth      0%         N/A       63%         2
 Stone Arrow              Conj/Erth      0%         3d7       85%         3

Inventory:

Hand Weapons
 a - a +1 trident (weapon) {polearm}
 k - a +0 quarterstaff {staff}
   (You found it on level 2 of the Dungeon)
Missiles
 d - 10 stones (quivered) {throwing}
Armour
 b - a +0 scale mail (melded)
 c - a +0 buckler (worn)
 e - a +0 pair of gloves (melded)
   (You found it on level 1 of the Dungeon)
Scrolls
 f - a scroll of holy word {unknown}
 g - 4 scrolls of identify {unknown}
 l - a scroll of noise {unknown}

Dungeon Overview and Level Annotations

Branches:
Dungeon (2/15)

Altars:
Uskayaw
Vehumet

#...# # # ... .#
#.#. ... ..
..g..##.##.#.#
#gg........# #†#
##'## ##)gg##
##..♣..## #
##.......##
#...####.........#
.......'.........+
#...####.........#
# ##.......## #
##.....## .#
##...## ###.#
###†##### #...#


You could see 2 gnolls.


Message History

You now have 44 max hp (+8).
You regained 4 hp, and now have 22/44 hp.
Your mp is fully restored (4).
Okay, then.
You stomp with the beat, sending a shockwave through the revellers around you!
You can no longer stomp with the beat.
You block the gnoll's attack. The endoplasm freezes you.
You are frozen.
* * * LOW HITPOINT WARNING * * *
The goblin hits you but does no damage.
You can now stomp with the beat. 😨 HP[-1] MP[-3]
You take 1 damage, and now have 21/44 hp.
You lost 3 mp, and now have 1/4 mp.
Unknown command.
You puncture the endoplasm!
You kill the endoplasm!
The gnoll barely misses you. You block the goblin's attack.
You closely miss the gnoll. The gnoll hits you but does no damage.
The gnoll hits you with a +0 spear.
* * * LOW HITPOINT WARNING * * *
The goblin hits you with a +0 whip.
* * * LOW HITPOINT WARNING * * *
The goblin hits you but does no damage. The gnoll hits you but does no damage.
The gnoll hits you with a +0 club.
* * * LOW HITPOINT WARNING * * *
😨 HP[-9]
You take 9 damage, and now have 12/44 hp.
MASSIVE DAMAGE!! (PAUSE) Unknown command.
Okay, then.
Okay, then.
Aiming: Spit Poison (1% risk of failure)
Press: ? - help, Shift-Dir - straight line, f - goblin
Aim: a goblin, wielding a +0 whip (severely wounded, 50% to hit)
The splash of poison hits the goblin!
The goblin is poisoned.
You kill the goblin!
The gnoll barely misses you. The gnoll hits you with a +0 spear.
* * * LOW HITPOINT WARNING * * *
😱 HP[-1]
You take 1 damage, and now have 11/44 hp.
Unknown command.
You hit the gnoll. The gnoll hits you but does no damage.
The gnoll drinks a potion.
The gnoll is healed!
The endoplasm hits you.
* * * LOW HITPOINT WARNING * * *
You can now pass through a line of other dancers. 😱 HP[-1]
You take 1 damage, and now have 10/44 hp.
You don't have enough magic at the moment.
Unknown command.
It was a potion of lignification.
You turn into a tree.
Your +0 pair of gloves melds into your body.
Your +0 scale mail melds into your body.
Your roots penetrate the ground.
The gnoll hits you but does no damage. x2
The endoplasm freezes you.
You are frozen.
* * * LOW HITPOINT WARNING * * *
You now have 66 max hp (+22).
Unknown command.
Unknown command.
Unknown command.
You closely miss the gnoll. The gnoll hits you but does no damage.
You block the gnoll's attack. The endoplasm freezes you.
You are frozen.
* * * LOW HITPOINT WARNING * * *
😱 HP[-2]
You take 2 damage, and now have 8/66 hp.
Unknown command.
You closely miss the gnoll. The gnoll hits you with a +0 club.
* * * LOW HITPOINT WARNING * * *
The gnoll barely misses you.
The endoplasm hits you but does no damage.
You feel less attractive to monsters.
You can no longer pass through a line of other dancers.
Unknown command.
You hit the gnoll.
You have got your breath back.
You block the gnoll's attack. The gnoll hits you but does no damage.
The endoplasm hits you.
* * * LOW HITPOINT WARNING * * *
The endoplasm freezes you.
You are frozen.
* * * LOW HITPOINT WARNING * * *
The gnoll hits you but does no damage. x2 😱 HP[-6]
You take 6 damage, and now have 2/66 hp.
Unknown command.
You puncture the endoplasm!
You kill the endoplasm!
The gnoll hits you but does no damage. x2
You can now pass through a line of other dancers. 😱 HP[+1] MP[+1] Unknown command.
You closely miss the gnoll.
The gnoll hits you but does no damage. x2
You hit the gnoll but do no damage. The gnoll hits you but does no damage.
The gnoll hits you with a +0 spear.
You die...

Skill      XL: |  1  2  3 |
---------------+----------+-----
Fighting       | 4 |  4.2
Armour         | 3 |  3.0
Invocations    | 1 |  1.0
Polearms       | |  2.0
Shields        | |  2.4

Action                   |  1- 3 |  4- 6 || total
-------------------------+-------+-------++-------
Melee: Trident           |   139 |     9 ||   148
Throw: Stone             |    22 |       ||    22
Invok: Stomp             |       |     1 ||     1
 Abil: Spit Poison       |     8 |     1 ||     9
  Use: Potion            |     4 |     1 ||     5
       Scroll            |     1 |       ||     1
Armor: Scale mail        |    91 |     5 ||    96
       Skin              |       |    12 ||    12
Dodge: Dodged            |    77 |     3 ||    80
Block: Buckler           |    33 |     4 ||    37

Levels and vault maps discovered:
D:1:      dpeg_arrival_three_bigger_balls, layout_loops_ring,
          shapermc_ecumenical_altar_venn
D:2:      layout_loops_corners, basic_altar, minmay_misc_feat_more_columns,
          feat_on_display

Notes
Turn   | Place    | Note
-------+----------+-------------------------------------------
     0 | D:1      | spaghetti the Naga Fighter began the quest for the Orb.
     0 | D:1      | Reached XP level 1. HP: 21/21 MP: 1/1
     0 | D:1      | magus.rc [v1.9.6]
    66 | D:1      | Reached XP level 2. HP: 13/28 MP: 2/2
   293 | D:1      | HP: 7/28 [jackal (2)]
   301 | D:1      | HP: 7/28 [frilled lizard (1)]
   307 | D:1      | HP: 7/28 [jackal (1)]
   316 | D:1      | HP: 6/28 [hobgoblin (1)]
   318 | D:1      | HP: 2/28 [hobgoblin (1)]
   690 | D:1      | Found a faded altar of an unknown god.
   692 | D:1      | You pick up a book of Geomancy and begin reading...
   692 | D:1      | You add the spells Sandblast, Passwall and Stone Arrow to
                  | your library.
   711 | D:1      | Reached XP level 3. HP: 36/36 MP: 3/3
   721 | D:1      | Prayed at the altar of an unknown god.
   721 | D:1      | Became a worshipper of Uskayaw the Reveller
   721 | D:1      | Reached * piety under Uskayaw
  1494 | D:2      | Found a radiant altar of Vehumet.
  1544 | D:2      | Reached skill level 4 in Fighting
  1686 | D:2      | Reached ** piety under Uskayaw
  1734 | D:2      | Reached skill level 3 in Armour
  1734 | D:2      | Reached skill level 1 in Invocations
  1734 | D:2      | Reached XP level 4. HP: 22/44 MP: 4/4
  1737 | D:2      | HP: 11/44 [gnoll/+0 spear (1)]
  1742 | D:2      | HP: 5/66 [endoplasm (1)]
  1742 | D:2      | HP: 2/66 [frozen (3)]
  1745 | D:2      | Slain by a gnoll

Vanquished Creatures
  A gnoll (D:2)
  An adder (D:2)
  A dart slug (D:2)
  4 ball pythons (D:1)
  4 endoplasms
  A giant cockroach (D:1)
  4 goblins
  5 hobgoblins
  8 jackals (D:1)
  2 quokkas
  2 bats
  5 frilled lizards (D:1)
  2 kobolds
  4 rats
44 creatures vanquished.

Table legend:
 A = Non-vault XP
 B = Vault XP
 C = Vault XP percentage of total XP
 D = Non-vault monster count
 E = Vault monster count
 F = Vault count percentage of total count
                 A         B        C        D         E       F
            +---------+---------+-------+---------+---------+-------
      Total |     101 |       0 |   0.0 |      44 |       0 |   0.0
            +---------+---------+-------+---------+---------+-------
        D:1 |      47 |       0 |   0.0 |      29 |       0 |   0.0
        D:2 |      54 |       0 |   0.0 |      15 |       0 |   0.0
            +---------+---------+-------+---------+---------+-------

Illustrated notes

Table legend:
 A = Kills in this place as a percentage of kills in entire the game.
 B = Kills by you in this place as a percentage of kills by you in the entire game.
 C = Kills by friends in this place as a percentage of kills by friends in the entire game.
 D = Other kills in this place as a percentage of other kills in the entire game.
 E = Experience gained in this place as a percentage of experience gained in the entire game.
 F = Experience gained in this place divided by the number of levels of this place that you have seen.
                   A       B       C       D       E      F
               +-------+-------+-------+-------+-------+----------------------
         Total | 100.0 | 100.0 |   N/A |   N/A | 100.0 |  50.5
       Dungeon | 100.0 | 100.0 |   N/A |   N/A | 100.0 |  50.5
               +-------+-------+-------+-------+-------+----------------------

Table legend: (Time is in decaauts)
 A = Elapsed time spent in this place.
 B = Non-inter-level travel time spent in this place.
 C = Inter-level travel time spent in this place.
 D = Time resting spent in this place.
 E = Time spent auto-exploring this place.
 F = Levels seen in this place.
 G = Mean time per level.
                   A        B        C        D        E       F      G
               +--------+--------+--------+--------+--------+-----+--------+
         Total |   2153 |   2120 |     33 |    466 |   1278 |   2 | 1076.5 |
       Dungeon |   2153 |   2120 |     33 |    466 |   1278 |   2 | 1076.5 |
               +--------+--------+--------+--------+--------+-----+--------+

Top non-repeatable levels by time:
     D:1: 1567 daAuts
     D:2: 586 daAuts
